 Dungeon Crawl Stone Soup version 0.32-a0-576-g706899e69d (webtiles) character file.

Game seed: 8256341072213662378

328 BeKind the Covered (level 6, -2/56 HPs)
             Began as a Minotaur Fighter on Mar 2, 2024.
             Slain by a wyvern (9 damage)
             ... on level 3 of the Dungeon.
             The game lasted 00:02:58 (3429 turns).

BeKind the Covered (Minotaur Fighter)               Turns: 3429, Time: 00:02:59

Health: -2/56      AC: 11    Str: 22    XL:     6   Next: 25%
Magic:  5/5        EV:  9    Int:  5    God:
Gold:   225        SH:  5    Dex: 10    Spells: 5/5 levels left

rFire   . . .        a - +0 trident
rCold   . . .        c - +0 buckler
rNeg    . . .        b - +0 scale mail
rPois   .            (helmet restricted)
rElec   .            q - +2 cloak
rCorr   .            (no gloves)
SInv    .            j - +0 pair of boots
Will    .....        (no amulet) Stlth
                     m - ring of flight
HPRegen 0.29/turn    (no ring)
MPRegen 0.09/turn

%: no passive effects
@: mighty, flying
A: horns 2, retaliatory headbutt
a: no special abilities


You were on level 3 of the Dungeon.
You visited 1 branch of the dungeon, and saw 4 of its levels.

You collected 225 gold pieces.

Inventory:

Hand Weapons
 a - a +0 trident (weapon)
Armour
 b - a +0 scale mail (worn)
 c - a +0 buckler (worn)
 j - a +0 pair of boots (worn)
 q - a +2 cloak (worn)
Jewellery
 h - a ring of wizardry
 m - a ring of flight (left hand)
 p - an amulet of faith
 s - a +6 ring of intelligence
 u - a +4 ring of protection
Scrolls
 g - 2 scrolls of teleportation {unknown}
 i - 3 scrolls of revelation {unknown}
 l - a scroll of enchant armour {unknown}
 n - a scroll of blinking {unknown}
 r - a scroll of fog {unknown}
 t - a scroll of fear {unknown}
 v - a scroll of identify {unknown}
Potions
 e - 4 potions of heal wounds {unknown}
 f - a potion of attraction {unknown}
 k - a potion of brilliance {unknown}
 o - a potion of curing {unknown}


   Skills:
 + Level 5.2 Fighting
 + Level 4.4 Polearms
 + Level 5.3 Armour
 + Level 5.3 Shields


You had 5 spell levels left.
You didn't know any spells.
Your spell library was empty.

Dungeon Overview and Level Annotations

Branches:
Dungeon (4/15)
 Temple: D:4-7

Altars:


Innate Abilities, Weirdness & Mutations

You have a pair of horns on your head.
You reflexively headbutt those who attack you in melee.


Message History

You fly upwards.
There is a stone staircase leading down here.
You fly downwards.
The wyvern bites you. The orc hits you with a +0 hand axe.
The orc priest shouts, "Beogh offers mercy even to people such as you.
Join us and be reborn!" (press Y on the ability menu to convert to Beogh)
There is a stone staircase leading up, spattered with blood here.
You block the wyvern's attack. The orc hits you but does no damage. x2
The wyvern bites you!
You fly upwards.
There is a stone staircase leading down here.
You closely miss the orc.
The wyvern bites you but does no damage.
The orc closely misses you. x2; You furiously retaliate!
You headbutt the orc, but do no damage. You barely miss the orc.
You headbutt the orc!
You kill the orc!
The wyvern bites you but does no damage.
The orc hits you with a +0 hand axe. The wyvern bites you!
You block the orc's attack.
The wyvern bites you but does no damage.
Things that are here:
a +0 mace; an orc corpse The orc attacks as it pursues you!
You block the orc's attack.
You feel very mighty all of a sudden. You block the wyvern's attack.
You are too injured to fight recklessly!
You puncture the wyvern!
The wyvern is moderately wounded.
The wyvern barely misses you.
You barely miss the wyvern.
The wyvern is moderately wounded.
The wyvern bites you but does no damage.
The wyvern bites you.
* * * LOW HITPOINT WARNING * * *
You puncture the wyvern!
The wyvern is heavily wounded.
The wyvern bites you!
* * * LOW HITPOINT WARNING * * *
The wyvern bites you!
You die...

.....#.#.# #.#
.....#.#.# #.#
.....#.#.# #.#
.....#.#.# #.#
######.#.#######.#
#...##.#.........#
#.#.##.#.#########
.........#.)..ok.#
.##.##.#.#>#####@#
..#.##.#.#.# #.#
....##.#.#.# #.#
#.####.#.#.# #.#
#.# #.#.#.# #.#
#.# #.#.#.# #.#
#.# #.#.#.# #.#
#.# #.#.#.# #.#
#.####.#.#.# #.#


You could see a wyvern and an orc.

Vanquished Creatures
  A bombardier beetle (D:3)
  Crazy Yiuf (D:2)
  Terence (D:2)
  Natasha (twice) (D:2)
  8 gnolls
  5 adders
  A dart slug (D:1)
  4 orcs
  5 endoplasms
  4 giant cockroaches
  4 goblins
  3 hobgoblins
  6 kobolds
  6 quokkas
  6 ball pythons
  3 bats
  7 frilled lizards
  3 rats
70 creatures vanquished.

Notes
Turn   | Place    | Note
-------+----------+-------------------------------------------
     0 | D:1      | BeKind the Minotaur Fighter began the quest for the Orb.
     0 | D:1      | Reached XP level 1. HP: 19/19 MP: 0/0
   194 | D:1      | Reached XP level 2. HP: 27/27 MP: 1/1
   910 | D:2      | Reached XP level 3. HP: 23/33 MP: 2/2
   966 | D:2      | Reached XP level 4. HP: 27/41 MP: 3/3
  1405 | D:2      | Noticed Terence
  1412 | D:2      | Killed Terence
  1413 | D:2      | Reached XP level 5. HP: 39/47 MP: 4/4
  1533 | D:2      | Noticed Natasha
  1543 | D:2      | Killed Natasha
  1737 | D:2      | Found a runed translucent door.
  1738 | D:2      | Noticed Crazy Yiuf
  2125 | D:2      | Noticed Natasha
  2131 | D:2      | Killed Natasha
  2132 | D:2      | Reached skill level 5 in Armour
  2132 | D:2      | Reached skill level 5 in Shields
  2175 | D:2      | HP: 2/47 [poisoned by Crazy Yiuf]
  2175 | D:2      | Killed Crazy Yiuf
  2176 | D:2      | Reached skill level 5 in Fighting
  2605 | D:3      | Reached XP level 6. HP: 51/56 MP: 5/5
  2677 | D:3      | Found a faded altar of an unknown god.
  3411 | D:4      | Noticed a wyvern
  3429 | D:3      | Slain by a wyvern

Illustrated notes

Levels and vault maps discovered:
D:1:      grunt_arrival_crossed_arrows, layout_rooms
D:2:      layout_basic, minmay_pentomino_pile, uniq_crazy_yiuf_cottage,
          uniq_natasha, uniq_terence
D:3:      layout_basic, chequers_ecumenical_altar_grove
D:4:      layout_cave_pools, nicolae_overflow_hidden_temple

Skill      XL: |  1  2  3  4  5 |
---------------+----------------+-----
Fighting       | 4 5 |  5.2
Polearms       | 3 4 |  4.4
Armour         | 4 5 |  5.3
Shields        | 4 5 |  5.3

Action                     |  1- 3 |  4- 6 || total
---------------------------+-------+-------++-------
  Melee: Trident           |    69 |   147 ||   216
         Headbutt          |     3 |     7 ||    10
    Use: Potion            |       |     1 ||     1
 Armour: Scale mail        |    31 |    74 ||   105
  Dodge: Dodged            |    25 |    40 ||    65
  Block: Buckler           |    21 |    25 ||    46

Table legend: (Time is in decaauts)
 A = Elapsed time spent in this place.
 B = Non-inter-level travel time spent in this place.
 C = Inter-level travel time spent in this place.
 D = Time resting spent in this place.
 E = Time spent auto-exploring this place.
 F = Levels seen in this place.
 G = Mean time per level.
                   A        B        C        D        E       F      G
               +--------+--------+--------+--------+--------+-----+--------+
         Total |   3464 |   3383 |     81 |    358 |   2534 |   4 |  866.0 |
       Dungeon |   3464 |   3383 |     81 |    358 |   2534 |   4 |  866.0 |
               +--------+--------+--------+--------+--------+-----+--------+

Top non-repeatable levels by time:
     D:2: 1573 daAuts
     D:3: 1046 daAuts
     D:1: 839 daAuts
     D:4: 4 daAuts
